cohdb
Replays
Latest Replays
All Replays
Popular Replays
Top Player Replays
Match Explorer
How It Works
Community
CoH3 Stats
Reddit
Sign in to upload your games and track your stats! →
Sign in with Steam
Match 41334421
Unlisted
Match 41334421
Overview
Messages
Build Orders
End
Construct Section Command Post
Infantry Section
Infantry Section
ML 3-inch Mortar Team
Selects Canadian Shock Battlegroup
Selects Incendiary Munitions
Grenade Package
Construct Platoon Command Post
Selects Offensive Resupply
Selects Canadian Shock Section
Canadian Shock Section
6-pounder Anti-tank Gun Team
Construct Company Command Post
Canadian Shock Section
Selects Pyrotechnics
Selects Churchill Crocodile Heavy Tank
Churchill Crocodile Heavy Tank
Unlock Bishop Self-propelled Artillery
Bishop Self-propelled Artillery
MR.DOGO-YT
Abazur
gran reino
Vampiraxx
ikhe
10bones88
0
0
Comments
sign in to comment!
No comments posted yet!